[ PARTIDA AOE2 · #477244136 ]
UnrankedBritanos vs Tupi
Equipo del jugador · DERR
[ ANÁLISIS DE REPETICIÓN · EXTRAÍDO DE LA PARTIDA GRABADA ]
Feudal
10:59
Castillos
14:38
Imperial
35:25
| APM promedio | 36.3 |
| APM pico | 79 |
| eAPM promedio | 21.8 |
| Aldeanos / militares | 151 / 213 |
Foco
⚔️ 42.3% · 🌾 57.7%
Spearman ×98 · Archer ×42 · Longbowman ×39 · Scout Cavalry ×24 · Battering Ram ×4 · Mangonel ×3
Feudal
10:27
Castillos
14:25
Imperial
35:19
| APM promedio | 48.9 |
| APM pico | 184 |
| eAPM promedio | 20.4 |
| Aldeanos / militares | 125 / 368 |
Foco
⚔️ 29.0% · 🌾 71.0%
Camel Scout ×182 · Scout Cavalry ×176 · Knight ×10 · Trade Cart ×8
Feudal
11:21
Castillos
15:17
Imperial
31:23
| APM promedio | 49.0 |
| APM pico | 100 |
| eAPM promedio | 28.0 |
| Aldeanos / militares | 190 / 19 |
Foco
⚔️ 45.0% · 🌾 55.0%
Unknown (2579) ×211 · Unknown (2550) ×58 · Trade Cart ×11 · Trebuchet (Packed) ×11 · Battering Ram ×7 · Petard ×1
Feudal
12:32
Castillos
15:12
Imperial
34:15
| APM promedio | 65.6 |
| APM pico | 137 |
| eAPM promedio | 37.9 |
| Aldeanos / militares | 228 / 299 |
Foco
⚔️ 38.9% · 🌾 61.1%
Knight ×180 · Scout Cavalry ×119
Feudal
10:56
Castillos
14:28
Imperial
29:38
| APM promedio | 57.4 |
| APM pico | 112 |
| eAPM promedio | 32.1 |
| Aldeanos / militares | 289 / 210 |
Foco
⚔️ 47.7% · 🌾 52.3%
Hussite Wagon ×149 · Monk ×42 · Bombard Cannon ×19
Feudal
8:30
Castillos
26:46
Imperial
35:22
| APM promedio | 51.2 |
| APM pico | 131 |
| eAPM promedio | 31.0 |
| Aldeanos / militares | 193 / 251 |
Foco
⚔️ 34.4% · 🌾 65.6%
Scout Cavalry ×130 · Knight ×119 · Trade Cart ×29 · Trebuchet (Packed) ×2
Feudal
7:36
Castillos
21:07
Imperial
35:15
| APM promedio | 53.3 |
| APM pico | 95 |
| eAPM promedio | 32.9 |
| Aldeanos / militares | 180 / 150 |
Foco
⚔️ 30.3% · 🌾 69.7%
Scorpion ×107 · Mangudai ×29 · Trebuchet (Packed) ×14 · Trade Cart ×7
Feudal
10:57
Castillos
14:33
Imperial
35:01
| APM promedio | 48.5 |
| APM pico | 81 |
| eAPM promedio | 33.5 |
| Aldeanos / militares | 248 / 207 |
Foco
⚔️ 31.4% · 🌾 68.6%
Archer ×65 · Skirmisher ×51 · Mangonel ×44 · Battering Ram ×30 · Unknown (1962) ×22 · Trade Cart ×9
Mapa de la partida
Recursos iniciales + cada clic de construcción. Líneas = muros · curvas = relieve. ◆ oro · ⬟ piedra · ● bayas · ✦ reliquia · ◌ hueco del cierre
Tu base· ✓ Cerrada en 14:38 · 0t muro · 3 puerta(s)
Base de KLIKELIN· ✓ Cerrada en 14:25 · 0t muro · 3 puerta(s)
Base de Zaccanasta Commissario· ✓ Cerrada en 15:17 · 0t muro · 2 puerta(s)
Base de GdR_Nataniele05· ✓ Cerrada en 15:12 · 0t muro · 2 puerta(s)
Base de [BadStart] The Shadow· ✓ Cerrada en 14:28 · 0t muro · 2 puerta(s)
Base de Pipistola· ✓ Cerrada en 26:46 · 48t muro · 4 puerta(s)
Base de Ace_Golden_Horse· ✓ Cerrada en 21:07 · 6t muro · 2 puerta(s)
Base de ITA | Monesi28· ✓ Cerrada en 14:33 · 0t muro · 3 puerta(s)
Terreno inicial suavizado · ◌ = hueco del cierre detectado · pasá el cursor para detalles
Inputs por minuto
— Wolf Knight - - KLIKELIN
Build order — Wolf Knight
Primeras 150 de 545 acciones detectadas
| 0:02 | Crear | Villager (Male) |
| 0:02 | Crear | Villager (Male) |
| 0:02 | Crear | Villager (Male) |
| 0:03 | Crear | Villager (Male) |
| 0:04 | Construir | House |
| 0:06 | Construir | House |
| 1:23 | Construir | Lumber Camp |
| 1:43 | Crear | Villager (Male) |
| 2:07 | Crear | Villager (Male) |
| 2:07 | Crear | Villager (Male) |
| 2:45 | Crear | Villager (Male) |
| 2:45 | Crear | Villager (Male) |
| 3:06 | Construir | Mill |
| 3:17 | Crear | Villager (Male) |
| 3:17 | Crear | Villager (Male) |
| 3:43 | Crear | Villager (Male) |
| 3:43 | Crear | Villager (Male) |
| 3:43 | Crear | Villager (Male) |
| 3:52 | Construir | House |
| 4:24 | Construir | House |
| 4:39 | Crear | Villager (Male) |
| 4:39 | Crear | Villager (Male) |
| 4:39 | Crear | Villager (Male) |
| 5:04 | Construir | House |
| 5:13 | Crear | Villager (Male) |
| 5:13 | Crear | Villager (Male) |
| 5:42 | Crear | Villager (Male) |
| 6:01 | Crear | Villager (Male) |
| 6:02 | Crear | Villager (Male) |
| 6:24 | Crear | Villager (Male) |
| 6:24 | Crear | Villager (Male) |
| 6:51 | Construir | Mining Camp |
| 8:13 | Crear | Villager (Male) |
| 8:17 | Investigar | Feudal Age |
| 8:29 | Construir | Mining Camp |
| 9:08 | Crear | Villager (Male) |
| 9:16 | Crear | Villager (Male) |
| 10:59 | Edad | Edad Feudal |
| 11:08 | Construir | Market |
| 11:11 | Construir | Blacksmith |
| 11:58 | Investigar | Castle Age |
| 12:01 | Investigar | Double-Bit Axe |
| 12:18 | Investigar | Horse Collar |
| 12:59 | Crear | Villager (Male) |
| 13:13 | Construir | Farm |
| 13:17 | Construir | Farm |
| 13:27 | Construir | Farm |
| 13:49 | Construir | Farm |
| 13:51 | Construir | Farm |
| 13:53 | Construir | Farm |
| 13:57 | Construir | Farm |
| 14:38 | Edad | Edad de los Castillos |
| 14:51 | Construir | Castle |
| 15:07 | Crear | Villager (Male) |
| 15:12 | Investigar | Bow Saw |
| 15:16 | Construir | Town Center |
| 15:32 | Crear | Villager (Male) |
| 15:35 | Construir | Farm |
| 16:00 | Crear | Villager (Male) |
| 16:11 | Construir | House |
| 16:21 | Construir | House |
| 16:22 | Construir | House |
| 16:33 | Crear | Villager (Male) |
| 16:43 | Construir | Farm |
| 16:44 | Construir | Farm |
| 16:45 | Construir | Farm |
| 16:47 | Construir | Farm |
| 16:50 | Crear | Villager (Male) |
| 16:51 | Crear | Villager (Male) |
| 16:51 | Crear | Villager (Male) |
| 17:06 | Construir | Town Center |
| 17:11 | Construir | Farm |
| 17:13 | Crear | Villager (Male) |
| 17:21 | Construir | Farm |
| 17:22 | Crear | Villager (Male) |
| 17:52 | Construir | Siege Workshop |
| 18:03 | Crear | Villager (Male) |
| 18:03 | Crear | Villager (Male) |
| 18:03 | Crear | Villager (Male) |
| 18:06 | Construir | Farm |
| 18:16 | Crear | Villager (Male) |
| 18:16 | Crear | Villager (Male) |
| 18:31 | Crear | Villager (Male) |
| 18:31 | Crear | Villager (Male) |
| 18:50 | Crear | Mangonel |
| 18:50 | Crear | Mangonel |
| 18:52 | Crear | Villager (Male) |
| 18:52 | Crear | Villager (Male) |
| 19:08 | Crear | Villager (Male) |
| 19:08 | Crear | Villager (Male) |
| 19:19 | Construir | House |
| 19:22 | Construir | House |
| 19:25 | Construir | House |
| 19:28 | Construir | House |
| 19:32 | Crear | Villager (Male) |
| 19:32 | Crear | Villager (Male) |
| 19:33 | Crear | Villager (Male) |
| 19:35 | Crear | Longbowman |
| 19:39 | Construir | Farm |
| 19:48 | Crear | Villager (Male) |
| 19:48 | Crear | Villager (Male) |
| 19:58 | Construir | House |
| 20:15 | Investigar | Fletching |
| 20:15 | Investigar | Fletching |
| 20:19 | Crear | Villager (Male) |
| 20:19 | Crear | Villager (Male) |
| 20:19 | Crear | Villager (Male) |
| 20:37 | Construir | House |
| 21:02 | Crear | Mangonel |
| 21:03 | Crear | Villager (Male) |
| 21:03 | Crear | Villager (Male) |
| 21:06 | Construir | Stone Wall |
| 21:10 | Construir | Gate |
| 21:15 | Crear | Villager (Male) |
| 21:15 | Crear | Villager (Male) |
| 21:16 | Crear | Villager (Male) |
| 21:19 | Investigar | Loom |
| 21:34 | Crear | Villager (Male) |
| 21:34 | Crear | Villager (Male) |
| 21:38 | Construir | Siege Workshop |
| 21:58 | Crear | Longbowman |
| 21:58 | Crear | Longbowman |
| 21:58 | Crear | Longbowman |
| 21:59 | Crear | Villager (Male) |
| 21:59 | Crear | Villager (Male) |
| 21:59 | Crear | Villager (Male) |
| 22:51 | Crear | Longbowman |
| 22:51 | Crear | Longbowman |
| 22:52 | Crear | Longbowman |
| 23:29 | Crear | Villager (Male) |
| 23:29 | Crear | Villager (Male) |
| 23:41 | Construir | Barracks |
| 23:45 | Construir | Barracks |
| 23:47 | Construir | Barracks |
| 23:51 | Crear | Villager (Male) |
| 23:51 | Crear | Villager (Male) |
| 23:52 | Crear | Villager (Male) |
| 24:12 | Crear | Villager (Male) |
| 24:12 | Crear | Villager (Male) |
| 24:13 | Crear | Villager (Male) |
| 24:17 | Construir | Barracks |
| 24:42 | Crear | Villager (Male) |
| 24:42 | Crear | Villager (Male) |
| 24:54 | Construir | Gate |
| 25:04 | Crear | Villager (Male) |
| 25:04 | Crear | Villager (Male) |
| 25:19 | Crear | Villager (Male) |
| 25:19 | Crear | Villager (Male) |
| 25:26 | Construir | Farm |
| 25:34 | Construir | Mill |
Build order — KLIKELIN
Primeras 150 de 476 acciones detectadas
| 0:03 | Construir | House |
| 0:03 | Crear | Villager (Male) |
| 0:03 | Crear | Villager (Male) |
| 0:04 | Construir | House |
| 0:05 | Crear | Villager (Male) |
| 0:05 | Crear | Villager (Male) |
| 1:28 | Crear | Villager (Male) |
| 1:28 | Crear | Villager (Male) |
| 1:55 | Construir | Lumber Camp |
| 2:01 | Crear | Villager (Male) |
| 2:01 | Crear | Villager (Male) |
| 2:19 | Crear | Villager (Male) |
| 2:19 | Crear | Villager (Male) |
| 2:41 | Crear | Villager (Male) |
| 3:11 | Crear | Villager (Male) |
| 3:46 | Crear | Villager (Male) |
| 3:56 | Crear | Villager (Male) |
| 3:57 | Crear | Villager (Male) |
| 3:59 | Construir | House |
| 4:01 | Construir | House |
| 4:33 | Crear | Villager (Male) |
| 4:46 | Construir | Mill |
| 5:08 | Crear | Villager (Male) |
| 5:08 | Crear | Villager (Male) |
| 5:20 | Crear | Villager (Male) |
| 5:24 | Crear | Villager (Male) |
| 5:38 | Crear | Villager (Male) |
| 6:01 | Crear | Villager (Male) |
| 7:10 | Crear | Villager (Male) |
| 7:22 | Crear | Villager (Male) |
| 7:56 | Construir | Mining Camp |
| 8:17 | Investigar | Feudal Age |
| 9:53 | Crear | Villager (Male) |
| 9:54 | Crear | Villager (Male) |
| 10:27 | Edad | Edad Feudal |
| 10:42 | Construir | Market |
| 10:45 | Construir | Blacksmith |
| 11:22 | Crear | Villager (Male) |
| 11:45 | Investigar | Castle Age |
| 11:45 | Investigar | Castle Age |
| 11:50 | Construir | Barracks |
| 12:15 | Investigar | Double-Bit Axe |
| 13:21 | Construir | Stable |
| 13:31 | Construir | Farm |
| 13:32 | Construir | Farm |
| 13:33 | Construir | Farm |
| 13:34 | Construir | Farm |
| 13:40 | Construir | House |
| 14:00 | Construir | Farm |
| 14:02 | Construir | Farm |
| 14:19 | Investigar | Horse Collar |
| 14:25 | Edad | Edad de los Castillos |
| 14:29 | Crear | Knight |
| 14:33 | Construir | House |
| 14:38 | Crear | Villager (Male) |
| 14:54 | Crear | Knight |
| 14:59 | Construir | Farm |
| 15:00 | Construir | Farm |
| 15:11 | Construir | House |
| 15:12 | Crear | Villager (Male) |
| 15:23 | Construir | Farm |
| 15:25 | Construir | Farm |
| 15:35 | Crear | Villager (Male) |
| 16:04 | Crear | Villager (Male) |
| 16:06 | Construir | House |
| 16:07 | Construir | House |
| 16:09 | Crear | Villager (Male) |
| 16:20 | Construir | Town Center |
| 16:36 | Crear | Villager (Male) |
| 17:01 | Crear | Villager (Male) |
| 17:06 | Construir | Farm |
| 17:10 | Construir | Farm |
| 17:12 | Crear | Villager (Male) |
| 17:14 | Construir | House |
| 17:15 | Construir | House |
| 17:42 | Crear | Villager (Male) |
| 17:42 | Crear | Villager (Male) |
| 17:47 | Construir | Farm |
| 17:50 | Construir | Farm |
| 17:55 | Crear | Villager (Male) |
| 18:08 | Construir | Farm |
| 18:16 | Construir | Farm |
| 18:17 | Crear | Villager (Male) |
| 18:17 | Crear | Villager (Male) |
| 18:21 | Construir | Farm |
| 18:29 | Crear | Villager (Male) |
| 18:32 | Construir | House |
| 18:41 | Crear | Villager (Male) |
| 19:12 | Crear | Knight |
| 19:15 | Crear | Camel Scout |
| 19:16 | Crear | Camel Scout |
| 19:29 | Crear | Camel Scout |
| 19:31 | Crear | Villager (Male) |
| 19:31 | Crear | Villager (Male) |
| 19:35 | Construir | Town Center |
| 19:39 | Crear | Villager (Male) |
| 19:39 | Crear | Villager (Male) |
| 20:09 | Crear | Villager (Male) |
| 20:11 | Crear | Villager (Male) |
| 20:15 | Construir | Farm |
| 20:17 | Construir | Farm |
| 20:21 | Construir | Farm |
| 20:21 | Construir | Farm |
| 20:26 | Construir | Farm |
| 20:29 | Crear | Villager (Male) |
| 20:38 | Crear | Villager (Male) |
| 20:38 | Crear | Villager (Male) |
| 21:10 | Crear | Camel Scout |
| 21:11 | Crear | Camel Scout |
| 21:40 | Crear | Camel Scout |
| 21:40 | Crear | Camel Scout |
| 21:42 | Crear | Villager (Male) |
| 21:42 | Crear | Villager (Male) |
| 21:42 | Crear | Villager (Male) |
| 21:47 | Construir | Farm |
| 21:48 | Construir | Farm |
| 21:50 | Crear | Villager (Male) |
| 21:53 | Construir | House |
| 21:54 | Construir | House |
| 21:56 | Crear | Villager (Male) |
| 22:35 | Crear | Villager (Male) |
| 22:35 | Crear | Villager (Male) |
| 22:40 | Construir | Stable |
| 22:44 | Investigar | Husbandry |
| 22:46 | Crear | Villager (Male) |
| 22:48 | Crear | Villager (Male) |
| 22:48 | Crear | Villager (Male) |
| 23:15 | Crear | Camel Scout |
| 23:15 | Crear | Camel Scout |
| 23:16 | Crear | Camel Scout |
| 23:25 | Construir | House |
| 23:27 | Construir | House |
| 23:28 | Construir | House |
| 23:31 | Crear | Villager (Male) |
| 23:39 | Crear | Villager (Male) |
| 23:43 | Construir | Mill |
| 23:44 | Construir | Farm |
| 23:44 | Construir | Farm |
| 23:45 | Construir | Farm |
| 23:45 | Construir | Farm |
| 23:45 | Construir | Farm |
| 23:45 | Construir | Farm |
| 23:46 | Construir | Farm |
| 23:46 | Construir | Farm |
| 24:06 | Crear | Camel Scout |
| 24:07 | Crear | Camel Scout |
| 24:10 | Crear | Villager (Male) |
| 24:10 | Crear | Villager (Male) |
| 24:10 | Crear | Villager (Male) |
| 24:17 | Crear | Villager (Male) |
Build order — Zaccanasta Commissario
Primeras 150 de 702 acciones detectadas
| 0:01 | Crear | Villager (Male) |
| 0:01 | Crear | Villager (Male) |
| 0:02 | Crear | Villager (Male) |
| 0:02 | Crear | Villager (Male) |
| 0:03 | Construir | House |
| 0:04 | Construir | House |
| 1:00 | Crear | Villager (Male) |
| 1:01 | Crear | Villager (Male) |
| 1:27 | Crear | Villager (Male) |
| 1:27 | Crear | Villager (Male) |
| 1:46 | Construir | Settlement |
| 2:12 | Crear | Villager (Male) |
| 2:12 | Crear | Villager (Male) |
| 2:29 | Crear | Villager (Male) |
| 2:29 | Crear | Villager (Male) |
| 2:44 | Crear | Villager (Male) |
| 2:44 | Crear | Villager (Male) |
| 3:10 | Crear | Villager (Male) |
| 3:10 | Crear | Villager (Male) |
| 3:39 | Crear | Villager (Male) |
| 4:06 | Crear | Villager (Male) |
| 4:06 | Crear | Villager (Male) |
| 4:31 | Construir | House |
| 4:36 | Crear | Villager (Male) |
| 4:49 | Crear | Villager (Male) |
| 4:49 | Crear | Villager (Male) |
| 5:27 | Crear | Villager (Male) |
| 5:28 | Crear | Villager (Male) |
| 5:44 | Crear | Villager (Male) |
| 6:00 | Crear | Villager (Male) |
| 6:00 | Crear | Villager (Male) |
| 6:15 | Crear | Villager (Male) |
| 6:26 | Construir | Farm |
| 6:31 | Construir | Farm |
| 6:32 | Crear | Villager (Male) |
| 6:55 | Construir | Settlement |
| 7:08 | Crear | Villager (Male) |
| 8:14 | Crear | Villager (Male) |
| 9:07 | Investigar | Feudal Age |
| 9:17 | Construir | Farm |
| 9:19 | Construir | Farm |
| 10:41 | Construir | Outpost |
| 11:21 | Edad | Edad Feudal |
| 11:29 | Construir | Market |
| 11:32 | Construir | Blacksmith |
| 11:47 | Crear | Villager (Male) |
| 11:47 | Crear | Villager (Male) |
| 12:22 | Construir | Farm |
| 12:28 | Investigar | Castle Age |
| 12:31 | Construir | Farm |
| 12:44 | Construir | Farm |
| 13:08 | Investigar | Double-Bit Axe |
| 13:08 | Investigar | Horse Collar |
| 13:12 | Investigar | Horse Collar |
| 14:27 | Crear | Villager (Male) |
| 14:58 | Construir | Settlement |
| 15:05 | Investigar | Stone Mining |
| 15:17 | Edad | Edad de los Castillos |
| 15:23 | Construir | Town Center |
| 15:24 | Crear | Villager (Male) |
| 15:28 | Crear | Villager (Male) |
| 15:33 | Construir | Farm |
| 15:33 | Construir | Farm |
| 15:34 | Construir | Farm |
| 15:38 | Investigar | Bow Saw |
| 15:45 | Crear | Villager (Male) |
| 15:53 | Crear | Villager (Male) |
| 15:56 | Investigar | Wheelbarrow |
| 16:14 | Crear | Villager (Male) |
| 16:23 | Crear | Villager (Male) |
| 16:31 | Construir | House |
| 16:32 | Construir | House |
| 16:42 | Construir | Farm |
| 16:43 | Crear | Villager (Male) |
| 16:51 | Crear | Villager (Male) |
| 16:58 | Crear | Villager (Male) |
| 17:03 | Construir | Farm |
| 17:06 | Construir | Farm |
| 17:12 | Crear | Villager (Male) |
| 17:23 | Crear | Villager (Male) |
| 17:30 | Construir | Farm |
| 17:35 | Construir | Farm |
| 17:36 | Crear | Villager (Male) |
| 17:46 | Construir | House |
| 17:47 | Construir | House |
| 17:49 | Crear | Villager (Male) |
| 17:53 | Construir | Farm |
| 17:54 | Crear | Villager (Male) |
| 18:08 | Investigar | Gold Mining |
| 18:18 | Crear | Villager (Male) |
| 18:22 | Construir | Farm |
| 18:54 | Construir | Outpost |
| 19:02 | Construir | House |
| 19:05 | Investigar | Loom |
| 19:05 | Crear | Villager (Male) |
| 19:08 | Investigar | Town Watch |
| 19:08 | Crear | Villager (Male) |
| 19:11 | Construir | Farm |
| 19:22 | Construir | Outpost |
| 19:23 | Crear | Villager (Male) |
| 19:29 | Construir | Castle |
| 19:30 | Crear | Villager (Male) |
| 19:33 | Crear | Villager (Male) |
| 19:39 | Construir | House |
| 19:40 | Construir | House |
| 19:41 | Crear | Villager (Male) |
| 19:43 | Crear | Villager (Male) |
| 19:49 | Construir | Farm |
| 19:49 | Construir | Farm |
| 19:49 | Construir | Farm |
| 19:49 | Construir | Farm |
| 19:49 | Construir | Farm |
| 19:50 | Construir | Farm |
| 19:50 | Crear | Villager (Male) |
| 19:52 | Crear | Villager (Male) |
| 20:00 | Crear | Villager (Male) |
| 20:11 | Investigar | Fletching |
| 20:19 | Construir | House |
| 20:21 | Construir | Outpost |
| 20:24 | Construir | Outpost |
| 20:27 | Crear | Villager (Male) |
| 20:31 | Crear | Villager (Male) |
| 20:42 | Investigar | Heavy Plow |
| 20:53 | Crear | Villager (Male) |
| 21:07 | Construir | Outpost |
| 21:10 | Crear | Unit 2579 |
| 21:10 | Crear | Unit 2579 |
| 21:10 | Crear | Unit 2579 |
| 21:12 | Crear | Villager (Male) |
| 21:19 | Investigar | Bodkin Arrow |
| 21:23 | Crear | Villager (Male) |
| 21:23 | Crear | Villager (Male) |
| 21:25 | Crear | Villager (Male) |
| 21:33 | Crear | Unit 2579 |
| 21:33 | Crear | Unit 2579 |
| 21:40 | Crear | Villager (Male) |
| 21:46 | Crear | Villager (Male) |
| 21:52 | Crear | Unit 2579 |
| 21:54 | Crear | Villager (Male) |
| 21:57 | Crear | Villager (Male) |
| 22:08 | Crear | Villager (Male) |
| 22:30 | Construir | Town Center |
| 22:32 | Crear | Unit 2579 |
| 22:32 | Crear | Unit 2579 |
| 22:36 | Construir | Outpost |
| 22:42 | Crear | Unit 2579 |
| 22:42 | Crear | Unit 2579 |
| 22:43 | Crear | Villager (Male) |
| 22:44 | Crear | Villager (Male) |
| 22:45 | Crear | Villager (Male) |
Build order — GdR_Nataniele05
Primeras 150 de 749 acciones detectadas
| 0:01 | Crear | Villager (Male) |
| 0:02 | Crear | Villager (Male) |
| 0:02 | Crear | Villager (Male) |
| 0:03 | Construir | House |
| 0:04 | Construir | House |
| 0:05 | Crear | Villager (Male) |
| 1:28 | Crear | Villager (Male) |
| 1:47 | Construir | Lumber Camp |
| 2:27 | Crear | Villager (Male) |
| 2:27 | Crear | Villager (Male) |
| 2:27 | Crear | Villager (Male) |
| 3:00 | Crear | Villager (Male) |
| 3:05 | Crear | Villager (Male) |
| 3:44 | Crear | Villager (Male) |
| 4:11 | Construir | House |
| 4:22 | Crear | Villager (Male) |
| 4:22 | Crear | Villager (Male) |
| 4:22 | Crear | Villager (Male) |
| 4:36 | Construir | Mill |
| 4:53 | Crear | Villager (Male) |
| 4:53 | Crear | Villager (Male) |
| 4:54 | Crear | Villager (Male) |
| 5:12 | Crear | Villager (Male) |
| 5:12 | Crear | Villager (Male) |
| 5:54 | Construir | House |
| 6:28 | Construir | House |
| 6:41 | Crear | Villager (Male) |
| 6:41 | Crear | Villager (Male) |
| 7:00 | Crear | Villager (Male) |
| 7:07 | Construir | Farm |
| 7:13 | Crear | Villager (Male) |
| 7:15 | Construir | Farm |
| 7:30 | Crear | Villager (Male) |
| 7:31 | Crear | Villager (Male) |
| 7:48 | Construir | Farm |
| 7:59 | Crear | Villager (Male) |
| 9:09 | Crear | Villager (Male) |
| 9:35 | Construir | Mining Camp |
| 9:45 | Investigar | Feudal Age |
| 9:45 | Investigar | Feudal Age |
| 10:15 | Crear | Villager (Male) |
| 10:15 | Crear | Villager (Male) |
| 12:32 | Edad | Edad Feudal |
| 12:32 | Investigar | Castle Age |
| 12:32 | Investigar | Castle Age |
| 12:37 | Construir | Stable |
| 12:39 | Construir | Stable |
| 12:50 | Construir | House |
| 12:52 | Investigar | Double-Bit Axe |
| 12:53 | Investigar | Horse Collar |
| 13:06 | Construir | Farm |
| 13:08 | Construir | Farm |
| 13:10 | Construir | Farm |
| 13:12 | Construir | Farm |
| 13:36 | Crear | Villager (Male) |
| 13:52 | Construir | Farm |
| 13:55 | Construir | Farm |
| 14:02 | Construir | Farm |
| 14:17 | Construir | Farm |
| 14:28 | Investigar | Bloodlines |
| 14:28 | Investigar | Bloodlines |
| 15:05 | Investigar | Wheelbarrow |
| 15:12 | Edad | Edad de los Castillos |
| 15:14 | Crear | Knight |
| 15:14 | Crear | Knight |
| 15:18 | Crear | Villager (Male) |
| 15:30 | Construir | Blacksmith |
| 15:32 | Crear | Knight |
| 15:33 | Crear | Knight |
| 15:44 | Crear | Knight |
| 15:44 | Crear | Knight |
| 15:48 | Crear | Scout Cavalry |
| 15:49 | Crear | Villager (Male) |
| 15:56 | Crear | Villager (Male) |
| 16:01 | Crear | Villager (Male) |
| 16:11 | Construir | Farm |
| 16:18 | Construir | Farm |
| 16:19 | Investigar | Scale Barding Armor |
| 16:20 | Crear | Knight |
| 16:20 | Crear | Knight |
| 16:26 | Crear | Villager (Male) |
| 16:28 | Construir | House |
| 16:35 | Construir | Farm |
| 16:44 | Crear | Villager (Male) |
| 16:49 | Construir | Farm |
| 16:52 | Crear | Knight |
| 16:52 | Crear | Knight |
| 16:53 | Crear | Knight |
| 16:56 | Construir | House |
| 17:16 | Investigar | Chain Barding Armor |
| 17:16 | Investigar | Chain Barding Armor |
| 17:16 | Investigar | Chain Barding Armor |
| 17:28 | Crear | Villager (Male) |
| 17:34 | Construir | Farm |
| 17:35 | Crear | Villager (Male) |
| 17:46 | Crear | Villager (Male) |
| 17:55 | Crear | Knight |
| 17:55 | Crear | Knight |
| 18:00 | Construir | Farm |
| 18:04 | Crear | Villager (Male) |
| 18:10 | Crear | Villager (Male) |
| 18:10 | Crear | Knight |
| 18:11 | Crear | Knight |
| 18:23 | Crear | Villager (Male) |
| 18:33 | Crear | Knight |
| 18:38 | Crear | Villager (Male) |
| 18:41 | Crear | Villager (Male) |
| 18:48 | Construir | Farm |
| 19:02 | Crear | Villager (Male) |
| 19:05 | Crear | Villager (Male) |
| 19:05 | Crear | Villager (Male) |
| 19:06 | Crear | Knight |
| 19:08 | Construir | House |
| 19:16 | Crear | Villager (Male) |
| 19:23 | Crear | Villager (Male) |
| 19:27 | Construir | Town Center |
| 19:36 | Crear | Knight |
| 19:36 | Crear | Knight |
| 19:45 | Construir | House |
| 19:52 | Crear | Knight |
| 19:52 | Crear | Knight |
| 19:54 | Crear | Villager (Male) |
| 19:59 | Crear | Villager (Male) |
| 20:11 | Crear | Villager (Male) |
| 20:13 | Construir | Farm |
| 20:15 | Crear | Knight |
| 20:15 | Crear | Knight |
| 20:27 | Construir | House |
| 20:31 | Investigar | Husbandry |
| 20:31 | Crear | Villager (Male) |
| 20:43 | Crear | Knight |
| 20:43 | Crear | Knight |
| 20:43 | Crear | Knight |
| 21:05 | Crear | Knight |
| 21:05 | Crear | Knight |
| 21:26 | Crear | Knight |
| 21:26 | Crear | Villager (Male) |
| 21:29 | Crear | Villager (Male) |
| 21:34 | Crear | Villager (Male) |
| 21:41 | Construir | Farm |
| 21:49 | Crear | Knight |
| 21:49 | Crear | Knight |
| 22:21 | Crear | Knight |
| 22:21 | Crear | Knight |
| 22:30 | Crear | Villager (Male) |
| 22:43 | Crear | Knight |
| 22:43 | Crear | Knight |
| 22:49 | Construir | Town Center |
| 22:50 | Crear | Villager (Male) |
| 22:51 | Crear | Knight |
Build order — [BadStart] The Shadow
Primeras 150 de 574 acciones detectadas
| 0:01 | Crear | Villager (Male) ×4 |
| 0:01 | Crear | Villager (Male) |
| 0:02 | Construir | House |
| 0:04 | Construir | House |
| 1:34 | Crear | Villager (Male) |
| 1:48 | Construir | Lumber Camp |
| 1:59 | Crear | Villager (Male) |
| 2:19 | Crear | Villager (Male) |
| 2:20 | Crear | Villager (Male) |
| 3:13 | Crear | Villager (Male) |
| 3:14 | Crear | Villager (Male) |
| 3:14 | Crear | Villager (Male) |
| 3:24 | Construir | House |
| 3:27 | Crear | Villager (Male) |
| 3:27 | Crear | Villager (Male) |
| 4:06 | Construir | Mill |
| 4:25 | Crear | Villager (Male) |
| 4:25 | Crear | Villager (Male) |
| 4:26 | Crear | Villager (Male) |
| 4:43 | Crear | Villager (Male) |
| 4:44 | Crear | Villager (Male) |
| 4:53 | Crear | Villager (Male) |
| 4:53 | Crear | Villager (Male) |
| 4:56 | Construir | Farm |
| 5:10 | Construir | House |
| 5:44 | Crear | Villager (Male) |
| 5:45 | Crear | Villager (Male) |
| 5:50 | Crear | Villager (Male) |
| 5:50 | Crear | Villager (Male) |
| 6:15 | Crear | Villager (Male) |
| 6:20 | Crear | Villager (Male) ×2 |
| 6:25 | Construir | Lumber Camp |
| 6:29 | Crear | Villager (Male) |
| 7:16 | Construir | House |
| 7:19 | Crear | Villager (Male) |
| 7:27 | Construir | Farm |
| 8:25 | Investigar | Feudal Age |
| 8:29 | Construir | Mining Camp |
| 9:39 | Crear | Villager (Male) |
| 10:43 | Crear | Villager (Male) |
| 10:56 | Edad | Edad Feudal |
| 11:00 | Construir | Market |
| 11:01 | Construir | Blacksmith |
| 11:48 | Investigar | Castle Age |
| 12:06 | Investigar | Double-Bit Axe |
| 12:06 | Investigar | Double-Bit Axe |
| 12:11 | Investigar | Horse Collar |
| 12:11 | Investigar | Horse Collar |
| 12:14 | Construir | Farm |
| 12:16 | Construir | Farm |
| 12:19 | Construir | Farm |
| 12:22 | Construir | Farm |
| 12:52 | Construir | House |
| 13:55 | Crear | Villager (Male) |
| 13:55 | Crear | Villager (Male) |
| 14:28 | Edad | Edad de los Castillos |
| 14:30 | Construir | Town Center |
| 14:34 | Construir | Monastery |
| 14:37 | Construir | House |
| 14:48 | Construir | Town Center |
| 14:51 | Construir | Farm |
| 14:53 | Investigar | Bow Saw |
| 14:53 | Investigar | Bow Saw |
| 15:06 | Construir | Farm |
| 15:09 | Crear | Villager (Male) |
| 15:21 | Construir | Farm |
| 15:22 | Crear | Monk |
| 15:43 | Crear | Villager (Male) |
| 15:48 | Construir | House |
| 15:49 | Crear | Villager (Male) |
| 15:57 | Construir | Farm |
| 16:07 | Construir | Farm |
| 16:08 | Crear | Villager (Male) |
| 16:11 | Construir | Farm |
| 16:14 | Construir | Farm |
| 16:26 | Investigar | Fervor |
| 16:27 | Crear | Villager (Male) |
| 16:29 | Construir | Farm |
| 16:43 | Construir | Farm |
| 16:49 | Crear | Villager (Male) |
| 16:56 | Crear | Villager (Male) |
| 16:56 | Crear | Villager (Male) |
| 16:59 | Construir | Farm |
| 16:59 | Construir | Farm |
| 17:02 | Crear | Villager (Male) |
| 17:15 | Construir | Farm |
| 17:15 | Construir | Farm |
| 17:23 | Crear | Villager (Male) |
| 17:23 | Crear | Villager (Male) |
| 17:27 | Crear | Villager (Male) |
| 17:28 | Crear | Villager (Male) |
| 17:31 | Construir | Farm |
| 17:38 | Crear | Villager (Male) |
| 17:39 | Crear | Villager (Male) |
| 17:49 | Crear | Villager (Male) |
| 18:03 | Crear | Villager (Male) |
| 18:04 | Crear | Monk |
| 18:07 | Crear | Villager (Male) |
| 18:17 | Construir | Farm |
| 18:17 | Construir | Farm |
| 18:30 | Crear | Villager (Male) |
| 18:30 | Crear | Villager (Male) |
| 18:32 | Crear | Villager (Male) |
| 18:32 | Crear | Villager (Male) |
| 18:33 | Crear | Villager (Male) |
| 18:38 | Crear | Villager (Male) |
| 18:39 | Crear | Villager (Male) |
| 18:41 | Construir | Farm |
| 18:42 | Construir | Farm |
| 18:51 | Crear | Villager (Male) |
| 18:51 | Crear | Villager (Male) |
| 18:55 | Crear | Monk |
| 19:00 | Crear | Villager (Male) |
| 19:03 | Construir | House |
| 19:05 | Construir | Farm |
| 19:22 | Crear | Villager (Male) ×3 |
| 19:22 | Crear | Villager (Male) |
| 19:24 | Construir | Farm |
| 19:25 | Crear | Villager (Male) |
| 19:30 | Construir | Farm |
| 19:36 | Crear | Villager (Male) |
| 19:44 | Crear | Villager (Male) |
| 19:49 | Construir | Farm |
| 19:49 | Construir | Farm |
| 19:50 | Construir | Farm |
| 19:53 | Crear | Villager (Male) ×2 |
| 19:53 | Crear | Villager (Male) |
| 20:00 | Crear | Villager (Male) |
| 20:00 | Crear | Villager (Male) |
| 20:16 | Investigar | Sanctity |
| 20:16 | Investigar | Sanctity |
| 20:17 | Crear | Villager (Male) |
| 20:17 | Crear | Villager (Male) |
| 20:20 | Crear | Villager (Male) |
| 20:21 | Construir | House |
| 20:28 | Investigar | Wheelbarrow |
| 20:28 | Investigar | Wheelbarrow |
| 20:33 | Investigar | Redemption |
| 20:34 | Investigar | Redemption |
| 20:55 | Crear | Monk |
| 20:57 | Crear | Villager (Male) ×5 |
| 21:02 | Crear | Villager (Male) |
| 21:07 | Construir | Farm |
| 21:09 | Construir | Farm |
| 21:10 | Construir | Farm |
| 21:10 | Construir | Farm |
| 21:21 | Construir | Monastery |
| 21:23 | Crear | Villager (Male) ×3 |
| 21:25 | Construir | House |
| 21:28 | Crear | Villager (Male) |
Build order — Pipistola
Primeras 150 de 728 acciones detectadas
| 0:01 | Crear | Villager (Male) |
| 0:01 | Crear | Villager (Male) |
| 0:01 | Crear | Villager (Male) |
| 0:02 | Construir | House |
| 0:03 | Construir | House |
| 0:09 | Crear | Villager (Male) |
| 0:09 | Crear | Villager (Male) |
| 1:37 | Crear | Villager (Male) |
| 1:37 | Crear | Villager (Male) |
| 1:58 | Crear | Villager (Male) |
| 1:59 | Crear | Villager (Male) |
| 2:13 | Construir | Lumber Camp |
| 2:23 | Crear | Villager (Male) |
| 2:23 | Crear | Villager (Male) |
| 2:55 | Crear | Villager (Male) |
| 2:55 | Crear | Villager (Male) |
| 3:32 | Crear | Villager (Male) |
| 3:32 | Crear | Villager (Male) |
| 3:50 | Construir | House |
| 3:55 | Crear | Villager (Male) |
| 3:55 | Crear | Villager (Male) |
| 4:13 | Crear | Villager (Male) |
| 4:40 | Construir | Mill |
| 4:47 | Crear | Villager (Male) |
| 5:34 | Construir | House |
| 5:41 | Crear | Villager (Male) |
| 6:20 | Investigar | Feudal Age |
| 7:45 | Construir | Palisade Wall |
| 7:50 | Construir | Palisade Wall |
| 8:16 | Construir | House |
| 8:24 | Construir | Palisade Wall |
| 8:28 | Crear | Villager (Male) |
| 8:30 | Edad | Edad Feudal |
| 8:36 | Construir | Town Center |
| 8:41 | Construir | House |
| 8:46 | Crear | Villager (Male) |
| 8:53 | Construir | House |
| 8:54 | Construir | Palisade Wall |
| 9:05 | Crear | Villager (Male) |
| 9:10 | Construir | Palisade Gate |
| 9:22 | Construir | Palisade Wall |
| 9:25 | Construir | Mining Camp |
| 9:28 | Construir | House |
| 9:34 | Crear | Villager (Male) |
| 9:53 | Construir | House |
| 10:12 | Crear | Villager (Male) |
| 11:18 | Construir | Watch Tower |
| 11:20 | Crear | Villager (Male) |
| 11:20 | Crear | Villager (Male) |
| 11:36 | Construir | Watch Tower |
| 11:40 | Construir | Farm |
| 11:41 | Construir | Farm |
| 11:42 | Construir | Farm |
| 11:52 | Construir | Palisade Gate |
| 12:03 | Construir | Farm |
| 12:30 | Crear | Villager (Male) |
| 12:31 | Crear | Villager (Male) |
| 12:35 | Construir | Market |
| 12:40 | Construir | Market |
| 12:57 | Construir | Palisade Gate |
| 13:03 | Crear | Villager (Male) |
| 13:03 | Crear | Villager (Male) |
| 13:41 | Crear | Villager (Male) |
| 13:53 | Construir | Palisade Wall |
| 14:02 | Construir | House |
| 14:21 | Crear | Villager (Male) |
| 14:22 | Crear | Villager (Male) |
| 14:28 | Construir | House |
| 14:30 | Crear | Villager (Male) |
| 14:30 | Crear | Villager (Male) |
| 14:47 | Construir | Farm |
| 14:52 | Construir | Farm |
| 14:57 | Construir | Palisade Wall |
| 15:04 | Crear | Villager (Male) |
| 15:12 | Crear | Villager (Male) |
| 15:13 | Crear | Villager (Male) |
| 15:21 | Construir | Palisade Wall |
| 15:29 | Crear | Villager (Male) |
| 15:29 | Crear | Villager (Male) |
| 15:41 | Crear | Villager (Male) |
| 15:42 | Crear | Villager (Male) |
| 15:49 | Construir | Palisade Wall |
| 15:50 | Construir | Palisade Wall |
| 16:02 | Construir | Farm |
| 16:05 | Construir | Farm |
| 16:11 | Crear | Villager (Male) |
| 16:11 | Crear | Villager (Male) |
| 16:14 | Crear | Villager (Male) |
| 16:26 | Construir | Farm |
| 16:39 | Crear | Villager (Male) |
| 16:39 | Crear | Villager (Male) |
| 17:08 | Construir | Watch Tower |
| 17:10 | Crear | Villager (Male) |
| 17:17 | Crear | Villager (Male) |
| 17:17 | Crear | Villager (Male) |
| 17:24 | Construir | Farm |
| 17:26 | Construir | Palisade Wall |
| 17:28 | Construir | Palisade Wall |
| 17:30 | Construir | Palisade Wall |
| 17:33 | Construir | Palisade Wall |
| 17:34 | Construir | Palisade Wall |
| 17:35 | Construir | Palisade Wall |
| 17:37 | Crear | Villager (Male) |
| 17:37 | Crear | Villager (Male) |
| 17:40 | Construir | Farm |
| 17:47 | Construir | Palisade Wall |
| 17:53 | Crear | Villager (Male) |
| 18:03 | Construir | Farm |
| 18:13 | Construir | Farm |
| 18:14 | Crear | Villager (Male) |
| 18:15 | Crear | Villager (Male) |
| 18:29 | Crear | Villager (Male) |
| 18:29 | Crear | Villager (Male) |
| 18:35 | Crear | Villager (Male) |
| 18:35 | Crear | Villager (Male) |
| 18:45 | Crear | Villager (Male) |
| 18:55 | Construir | Blacksmith |
| 18:57 | Crear | Villager (Male) |
| 18:57 | Crear | Villager (Male) |
| 19:06 | Crear | Villager (Male) |
| 19:06 | Crear | Villager (Male) |
| 19:11 | Construir | Farm |
| 19:16 | Crear | Villager (Male) |
| 19:32 | Crear | Villager (Male) |
| 19:48 | Construir | Mining Camp |
| 19:50 | Crear | Villager (Male) |
| 19:57 | Construir | Palisade Wall |
| 20:06 | Crear | Villager (Male) |
| 20:06 | Crear | Villager (Male) |
| 20:21 | Crear | Villager (Male) |
| 20:21 | Crear | Villager (Male) |
| 20:22 | Crear | Villager (Male) |
| 20:44 | Crear | Villager (Male) |
| 20:45 | Crear | Villager (Male) |
| 20:56 | Crear | Villager (Male) |
| 21:06 | Construir | Lumber Camp |
| 21:12 | Crear | Villager (Male) |
| 21:20 | Crear | Villager (Male) |
| 21:31 | Crear | Villager (Male) |
| 21:55 | Crear | Villager (Male) |
| 22:10 | Investigar | Double-Bit Axe |
| 22:12 | Crear | Villager (Male) |
| 22:18 | Crear | Villager (Male) |
| 22:26 | Construir | Palisade Wall |
| 22:35 | Crear | Villager (Male) |
| 22:45 | Construir | Palisade Wall |
| 23:07 | Construir | Farm |
| 23:09 | Construir | Farm |
| 23:11 | Construir | Farm |
| 23:15 | Construir | Farm |
Build order — Ace_Golden_Horse
Primeras 150 de 521 acciones detectadas
| 0:01 | Crear | Villager (Male) |
| 0:02 | Construir | House |
| 0:03 | Construir | House |
| 0:04 | Crear | Villager (Male) |
| 0:10 | Crear | Villager (Male) |
| 0:12 | Crear | Villager (Male) |
| 0:57 | Construir | Lumber Camp |
| 1:28 | Crear | Villager (Male) |
| 1:57 | Crear | Villager (Male) |
| 2:27 | Crear | Villager (Male) |
| 2:34 | Crear | Villager (Male) |
| 3:06 | Crear | Villager (Male) |
| 3:18 | Crear | Villager (Male) |
| 3:31 | Crear | Villager (Male) |
| 3:40 | Crear | Villager (Male) |
| 3:45 | Crear | Villager (Male) |
| 3:49 | Construir | House |
| 3:51 | Crear | Villager (Male) |
| 4:30 | Crear | Villager (Male) |
| 4:37 | Construir | Mining Camp |
| 5:19 | Investigar | Feudal Age |
| 5:41 | Investigar | Loom |
| 6:42 | Crear | Villager (Male) |
| 7:36 | Edad | Edad Feudal |
| 7:41 | Construir | Watch Tower |
| 7:54 | Crear | Villager (Male) |
| 8:10 | Construir | Blacksmith |
| 8:15 | Construir | House |
| 8:31 | Crear | Villager (Male) |
| 8:49 | Crear | Villager (Male) |
| 9:00 | Construir | House |
| 9:17 | Investigar | Fletching |
| 9:30 | Crear | Villager (Male) |
| 9:40 | Construir | Watch Tower |
| 9:53 | Construir | Watch Tower |
| 9:57 | Crear | Villager (Male) |
| 10:25 | Construir | House |
| 10:27 | Construir | Palisade Wall |
| 10:30 | Construir | Palisade Wall |
| 10:31 | Construir | Palisade Wall |
| 10:36 | Crear | Villager (Male) |
| 10:51 | Crear | Villager (Male) |
| 11:09 | Crear | Villager (Male) |
| 11:18 | Construir | Mill |
| 11:53 | Crear | Villager (Male) |
| 12:01 | Construir | Farm |
| 12:03 | Construir | Farm |
| 12:10 | Crear | Villager (Male) |
| 12:27 | Construir | House |
| 12:30 | Construir | House |
| 12:35 | Crear | Villager (Male) |
| 12:45 | Construir | Palisade Wall |
| 12:46 | Construir | Palisade Wall |
| 12:48 | Construir | Palisade Wall |
| 13:00 | Crear | Villager (Male) |
| 13:26 | Construir | Farm |
| 13:26 | Construir | Farm |
| 13:27 | Construir | Farm |
| 13:29 | Construir | Farm |
| 13:33 | Crear | Villager (Male) |
| 13:48 | Crear | Villager (Male) |
| 13:49 | Construir | Farm |
| 14:16 | Crear | Villager (Male) |
| 14:33 | Crear | Villager (Male) |
| 14:43 | Construir | Mining Camp |
| 14:48 | Construir | Farm |
| 15:11 | Construir | Farm |
| 15:12 | Investigar | Double-Bit Axe |
| 15:15 | Crear | Villager (Male) |
| 15:20 | Construir | Farm |
| 15:30 | Crear | Villager (Male) |
| 15:46 | Crear | Villager (Male) |
| 15:57 | Construir | Farm |
| 16:13 | Construir | Farm |
| 16:23 | Crear | Villager (Male) |
| 16:26 | Construir | Market |
| 16:33 | Crear | Villager (Male) |
| 16:59 | Investigar | Town Watch |
| 17:01 | Construir | House |
| 17:19 | Crear | Villager (Male) |
| 17:22 | Construir | Farm |
| 17:50 | Crear | Villager (Male) |
| 18:27 | Investigar | Castle Age |
| 19:04 | Construir | Outpost |
| 19:06 | Construir | Outpost |
| 19:07 | Construir | Outpost |
| 20:41 | Crear | Villager (Male) |
| 20:43 | Construir | House |
| 21:07 | Edad | Edad de los Castillos |
| 21:11 | Construir | Castle |
| 21:29 | Construir | Town Center |
| 21:33 | Crear | Villager (Male) |
| 21:37 | Investigar | Bow Saw |
| 21:43 | Crear | Villager (Male) |
| 21:54 | Crear | Villager (Male) |
| 22:20 | Construir | Town Center |
| 22:22 | Crear | Villager (Male) |
| 22:32 | Construir | Farm |
| 22:36 | Construir | Farm |
| 22:38 | Construir | Farm |
| 23:00 | Crear | Villager (Male) |
| 23:04 | Crear | Villager (Male) |
| 23:05 | Crear | Villager (Male) |
| 23:08 | Crear | Mangudai |
| 23:18 | Crear | Villager (Male) |
| 23:28 | Crear | Villager (Male) |
| 23:33 | Investigar | Wheelbarrow |
| 23:35 | Investigar | Horse Collar |
| 23:36 | Crear | Mangudai |
| 23:42 | Crear | Villager (Male) |
| 23:44 | Crear | Mangudai |
| 23:58 | Crear | Mangudai |
| 23:58 | Crear | Villager (Male) |
| 24:02 | Crear | Mangudai |
| 24:11 | Crear | Villager (Male) |
| 24:18 | Crear | Villager (Male) |
| 24:22 | Construir | Farm |
| 24:23 | Construir | Farm |
| 24:25 | Construir | Farm |
| 24:26 | Construir | Farm |
| 24:30 | Crear | Villager (Male) |
| 24:32 | Crear | Mangudai |
| 24:34 | Crear | Villager (Male) |
| 24:40 | Construir | Lumber Camp |
| 24:43 | Construir | Farm |
| 24:44 | Construir | Farm |
| 24:46 | Construir | Farm |
| 24:51 | Crear | Villager (Male) |
| 24:57 | Crear | Villager (Male) |
| 25:00 | Construir | Farm |
| 25:00 | Construir | Farm |
| 25:02 | Construir | Farm |
| 25:07 | Crear | Mangudai |
| 25:10 | Crear | Villager (Male) |
| 25:13 | Crear | Mangudai |
| 25:19 | Crear | Villager (Male) |
| 25:24 | Construir | Farm |
| 25:26 | Construir | Farm |
| 25:28 | Crear | Villager (Male) |
| 25:30 | Construir | Farm |
| 25:31 | Crear | Villager (Male) |
| 25:33 | Construir | Farm |
| 25:41 | Crear | Villager (Male) |
| 25:44 | Construir | Outpost |
| 25:51 | Crear | Villager (Male) |
| 25:52 | Crear | Villager (Male) |
| 25:58 | Crear | Mangudai |
| 26:04 | Crear | Villager (Male) |
| 26:07 | Construir | Farm |
| 26:08 | Construir | Farm |
Build order — ITA | Monesi28
Primeras 150 de 757 acciones detectadas
| 0:01 | Crear | Villager (Male) |
| 0:02 | Crear | Villager (Male) |
| 0:02 | Crear | Villager (Male) |
| 0:02 | Crear | Villager (Male) |
| 0:02 | Crear | Villager (Male) |
| 0:04 | Construir | House |
| 0:06 | Construir | House |
| 1:14 | Crear | Villager (Male) |
| 1:45 | Construir | Lumber Camp |
| 1:58 | Crear | Villager (Male) |
| 1:58 | Crear | Villager (Male) |
| 1:58 | Crear | Villager (Male) |
| 2:30 | Crear | Villager (Male) |
| 2:30 | Crear | Villager (Male) |
| 2:30 | Crear | Villager (Male) |
| 3:17 | Crear | Villager (Male) |
| 3:17 | Crear | Villager (Male) |
| 3:17 | Crear | Villager (Male) |
| 3:18 | Crear | Villager (Male) |
| 3:40 | Crear | Villager (Male) |
| 3:40 | Crear | Villager (Male) |
| 3:40 | Crear | Villager (Male) |
| 3:46 | Construir | House |
| 3:47 | Construir | House |
| 3:48 | Construir | House |
| 4:05 | Crear | Villager (Male) |
| 4:05 | Crear | Villager (Male) |
| 4:30 | Crear | Villager (Male) |
| 4:30 | Crear | Villager (Male) |
| 4:30 | Crear | Villager (Male) |
| 4:30 | Crear | Villager (Male) |
| 4:58 | Crear | Villager (Male) |
| 4:58 | Crear | Villager (Male) |
| 5:33 | Crear | Villager (Male) |
| 5:33 | Crear | Villager (Male) |
| 5:33 | Crear | Villager (Male) |
| 5:33 | Crear | Villager (Male) |
| 5:48 | Crear | Villager (Male) |
| 5:48 | Crear | Villager (Male) |
| 5:48 | Crear | Villager (Male) |
| 5:56 | Construir | Mill |
| 6:01 | Crear | Villager (Male) |
| 6:04 | Crear | Villager (Male) |
| 6:04 | Crear | Villager (Male) |
| 6:04 | Crear | Villager (Male) |
| 6:04 | Crear | Villager (Male) |
| 6:35 | Crear | Villager (Male) |
| 7:23 | Construir | Mining Camp |
| 7:25 | Construir | Farm |
| 7:25 | Construir | Farm |
| 7:26 | Crear | Villager (Male) |
| 8:07 | Construir | Farm |
| 8:36 | Investigar | Feudal Age |
| 9:34 | Crear | Villager (Male) |
| 9:35 | Crear | Villager (Male) |
| 10:57 | Edad | Edad Feudal |
| 11:04 | Construir | Blacksmith |
| 11:10 | Construir | Market |
| 11:18 | Construir | House |
| 11:35 | Construir | Farm |
| 11:46 | Construir | House |
| 11:53 | Investigar | Castle Age |
| 11:53 | Investigar | Castle Age |
| 11:54 | Investigar | Castle Age |
| 12:17 | Construir | House |
| 12:46 | Investigar | Loom |
| 12:57 | Crear | Villager (Male) |
| 12:58 | Crear | Villager (Male) |
| 13:03 | Investigar | Double-Bit Axe |
| 13:03 | Investigar | Double-Bit Axe |
| 13:03 | Investigar | Double-Bit Axe |
| 13:07 | Investigar | Horse Collar |
| 13:07 | Investigar | Horse Collar |
| 13:08 | Investigar | Horse Collar |
| 13:17 | Construir | House |
| 14:33 | Edad | Edad de los Castillos |
| 14:36 | Construir | Siege Workshop |
| 14:37 | Construir | Siege Workshop |
| 14:43 | Crear | Villager (Male) |
| 15:07 | Crear | Villager (Male) |
| 15:09 | Investigar | Bow Saw |
| 15:11 | Crear | Villager (Male) |
| 15:40 | Crear | Battering Ram |
| 15:50 | Crear | Mangonel |
| 15:55 | Construir | House |
| 15:56 | Crear | Villager (Male) |
| 15:57 | Crear | Villager (Male) |
| 16:17 | Crear | Villager (Male) |
| 16:19 | Crear | Battering Ram |
| 16:22 | Crear | Villager (Male) |
| 16:41 | Crear | Unit 1962 |
| 16:56 | Construir | House |
| 17:07 | Crear | Unit 1962 |
| 17:10 | Crear | Villager (Male) |
| 17:11 | Crear | Villager (Male) |
| 17:28 | Crear | Battering Ram |
| 17:29 | Crear | Battering Ram |
| 17:30 | Crear | Villager (Male) |
| 17:31 | Crear | Villager (Male) |
| 17:36 | Construir | House |
| 17:55 | Crear | Villager (Male) |
| 18:00 | Crear | Battering Ram |
| 18:00 | Crear | Battering Ram |
| 18:10 | Crear | Villager (Male) |
| 18:16 | Crear | Battering Ram |
| 18:31 | Construir | House |
| 18:37 | Construir | Mining Camp |
| 19:05 | Crear | Villager (Male) |
| 19:07 | Construir | Farm |
| 19:08 | Construir | Farm |
| 19:40 | Crear | Battering Ram |
| 19:40 | Crear | Battering Ram |
| 19:40 | Crear | Battering Ram |
| 19:45 | Crear | Villager (Male) |
| 20:14 | Construir | House |
| 20:17 | Construir | Farm |
| 20:18 | Construir | Farm |
| 20:22 | Crear | Villager (Male) |
| 20:22 | Crear | Villager (Male) |
| 20:23 | Crear | Villager (Male) |
| 21:01 | Crear | Villager (Male) |
| 21:14 | Crear | Battering Ram |
| 21:15 | Crear | Battering Ram |
| 21:15 | Crear | Battering Ram |
| 21:27 | Crear | Villager (Male) |
| 21:38 | Crear | Battering Ram |
| 21:38 | Crear | Battering Ram |
| 21:50 | Crear | Villager (Male) |
| 21:51 | Crear | Villager (Male) |
| 22:06 | Crear | Villager (Male) |
| 22:14 | Construir | Town Center |
| 22:16 | Construir | Farm |
| 22:18 | Construir | Farm |
| 22:20 | Construir | Lumber Camp |
| 22:20 | Crear | Villager (Male) |
| 22:22 | Investigar | Wheelbarrow |
| 22:42 | Crear | Battering Ram |
| 22:42 | Crear | Battering Ram |
| 22:42 | Crear | Battering Ram |
| 22:42 | Crear | Battering Ram |
| 22:57 | Crear | Villager (Male) |
| 23:36 | Crear | Unit 1962 |
| 23:36 | Crear | Unit 1962 |
| 23:37 | Crear | Unit 1962 |
| 23:37 | Crear | Unit 1962 |
| 23:41 | Construir | House |
| 23:41 | Construir | House |
| 23:55 | Crear | Villager (Male) |
| 24:11 | Crear | Villager (Male) |
| 24:11 | Crear | Villager (Male) |
Cronología de la partida
| 7:36 | Ace_Golden_Horse · age_up feudal |
| 7:45 | Pipistola · wall_segment Palisade Wall x5 |
| 7:50 | Pipistola · wall_segment Palisade Wall x1 |
| 8:24 | Pipistola · wall_segment Palisade Wall x8 |
| 8:30 | Pipistola · age_up feudal |
| 8:54 | Pipistola · wall_segment Palisade Wall x1 |
| 9:22 | Pipistola · wall_segment Palisade Wall x2 |
| 10:27 | Ace_Golden_Horse · wall_segment Palisade Wall x1 |
| 10:27 | KLIKELIN · age_up feudal |
| 10:30 | Ace_Golden_Horse · wall_segment Palisade Wall x1 |
| 10:31 | Ace_Golden_Horse · wall_segment Palisade Wall x1 |
| 10:56 | [BadStart] The Shadow · age_up feudal |
| 10:57 | ITA | Monesi28 · age_up feudal |
| 10:59 | Wolf Knight · age_up feudal |
| 11:21 | Zaccanasta Commissario · age_up feudal |
| 11:50 | KLIKELIN · first_building Barracks |
| 12:32 | GdR_Nataniele05 · age_up feudal |
| 12:37 | GdR_Nataniele05 · first_building Stable |
| 12:45 | Ace_Golden_Horse · wall_segment Palisade Wall x1 |
| 12:46 | Ace_Golden_Horse · wall_segment Palisade Wall x1 |
| 12:48 | Ace_Golden_Horse · wall_segment Palisade Wall x1 |
| 13:21 | KLIKELIN · first_building Stable |
| 13:53 | Pipistola · wall_segment Palisade Wall x1 |
| 14:25 | KLIKELIN · age_up castle |
| 14:28 | [BadStart] The Shadow · age_up castle |
| 14:33 | ITA | Monesi28 · age_up castle |
| 14:34 | [BadStart] The Shadow · first_building Monastery |
| 14:36 | ITA | Monesi28 · first_building Siege Workshop |
| 14:38 | Wolf Knight · age_up castle |
| 14:51 | Wolf Knight · first_building Castle |
| 14:57 | Pipistola · wall_segment Palisade Wall x1 |
| 15:12 | GdR_Nataniele05 · age_up castle |
| 15:17 | Zaccanasta Commissario · age_up castle |
| 15:21 | Pipistola · wall_segment Palisade Wall x8 |
| 15:47 | ITA | Monesi28 · first_market_buy 100 wood |
| 15:49 | Pipistola · wall_segment Palisade Wall x1 |
| 15:50 | Pipistola · wall_segment Palisade Wall x1 |
| 17:26 | Pipistola · wall_segment Palisade Wall x3 |
| 17:28 | Pipistola · wall_segment Palisade Wall x2 |
| 17:30 | Pipistola · wall_segment Palisade Wall x3 |
| 17:33 | Pipistola · wall_segment Palisade Wall x4 |
| 17:34 | Pipistola · wall_segment Palisade Wall x3 |
| 17:35 | Pipistola · wall_segment Palisade Wall x1 |
| 17:45 | Wolf Knight · first_market_buy 100 wood |
| 17:47 | Pipistola · wall_segment Palisade Wall x4 |
| 17:52 | Wolf Knight · first_building Siege Workshop |
| 18:21 | Ace_Golden_Horse · first_market_sell 100 wood |
| 18:26 | Ace_Golden_Horse · first_market_buy 100 food |
| 19:29 | Zaccanasta Commissario · first_building Castle |
| 19:57 | Pipistola · wall_segment Palisade Wall x1 |
| 20:00 | Zaccanasta Commissario · first_market_buy 100 wood |
| 20:12 | Wolf Knight · first_market_sell 100 stone |
| 20:31 | [BadStart] The Shadow · first_market_sell 500 stone |
| 21:06 | Wolf Knight · wall_segment Stone Wall x1 |
| 21:07 | Ace_Golden_Horse · age_up castle |
| 21:11 | Ace_Golden_Horse · first_building Castle |
| 22:21 | Zaccanasta Commissario · first_market_sell 100 wood |
| 22:26 | Pipistola · wall_segment Palisade Wall x1 |
| 22:45 | Pipistola · wall_segment Palisade Wall x1 |
| 22:55 | Pipistola · first_market_buy 100 food |
| 23:30 | Pipistola · wall_segment Palisade Wall x1 |
| 23:32 | Pipistola · wall_segment Palisade Wall x1 |
| 23:41 | Wolf Knight · first_building Barracks |
| 25:09 | ITA | Monesi28 · first_building Monastery |
| 25:10 | [BadStart] The Shadow · first_market_buy 100 stone |
| 25:56 | [BadStart] The Shadow · first_building Castle |
| 26:34 | [BadStart] The Shadow · first_building Barracks |
| 26:45 | Wolf Knight · first_building Archery Range |
| 26:46 | Pipistola · age_up castle |
| 27:09 | Zaccanasta Commissario · first_building Monastery |
| 27:23 | Pipistola · first_market_sell 100 food |
| 28:24 | ITA | Monesi28 · first_market_sell 100 food |
| 28:33 | [BadStart] The Shadow · first_building Siege Workshop |
| 29:38 | [BadStart] The Shadow · age_up imperial |
| 29:52 | KLIKELIN · first_building Castle |
| 30:56 | KLIKELIN · first_building Monastery |
| 31:23 | Zaccanasta Commissario · age_up imperial |
| 31:25 | Pipistola · first_building Siege Workshop |
| 31:45 | Pipistola · first_building Barracks |
| 32:01 | Pipistola · first_building Castle |
| 32:30 | Pipistola · first_building Stable |
| 32:37 | ITA | Monesi28 · first_building Barracks |
| 32:43 | [BadStart] The Shadow · tribute_sent a jugador 1 |
| 32:43 | [BadStart] The Shadow · tribute_sent a jugador 2 |
| 32:43 | [BadStart] The Shadow · tribute_sent a jugador 3 |
| 32:43 | [BadStart] The Shadow · tribute_sent a jugador 4 |
| 32:43 | [BadStart] The Shadow · tribute_sent a jugador 6 |
| 32:43 | [BadStart] The Shadow · tribute_sent a jugador 7 |
| 32:43 | [BadStart] The Shadow · tribute_sent a jugador 8 |
| 32:59 | Ace_Golden_Horse · first_building Siege Workshop |
| 33:30 | Ace_Golden_Horse · first_building Barracks |
| 33:38 | ITA | Monesi28 · first_building Archery Range |
| 34:15 | GdR_Nataniele05 · age_up imperial |
| 34:18 | [BadStart] The Shadow · tribute_sent a jugador 1 |
| 34:18 | [BadStart] The Shadow · tribute_sent a jugador 2 |
| 34:18 | [BadStart] The Shadow · tribute_sent a jugador 3 |
| 34:18 | [BadStart] The Shadow · tribute_sent a jugador 4 |
| 34:18 | [BadStart] The Shadow · tribute_sent a jugador 6 |
| 34:18 | [BadStart] The Shadow · tribute_sent a jugador 7 |
| 34:18 | [BadStart] The Shadow · tribute_sent a jugador 8 |
| 35:01 | ITA | Monesi28 · age_up imperial |
| 35:12 | GdR_Nataniele05 · first_building Castle |
| 35:15 | Ace_Golden_Horse · age_up imperial |
| 35:19 | KLIKELIN · age_up imperial |
| 35:22 | Pipistola · age_up imperial |
| 35:25 | Wolf Knight · age_up imperial |
| 36:00 | Ace_Golden_Horse · first_building Stable |
| 36:02 | Ace_Golden_Horse · first_building Archery Range |
| 36:27 | GdR_Nataniele05 · first_market_sell 100 food |
| 36:51 | Pipistola · wall_segment Palisade Wall x1 |
| 36:53 | Pipistola · wall_segment Palisade Wall x1 |
| 36:55 | Pipistola · wall_segment Palisade Wall x1 |
| 37:09 | Ace_Golden_Horse · wall_segment Palisade Wall x1 |
| 37:13 | ITA | Monesi28 · first_building Castle |
| 39:20 | Pipistola · wall_segment Palisade Wall x1 |
| 40:46 | ITA | Monesi28 · first_building Stable |
| 41:29 | GdR_Nataniele05 · first_market_buy 100 wood |
| 41:52 | Zaccanasta Commissario · first_building Siege Workshop |
| 43:07 | Zaccanasta Commissario · tribute_sent a jugador 1 |
| 43:07 | Zaccanasta Commissario · tribute_sent a jugador 3 |
| 43:07 | Zaccanasta Commissario · tribute_sent a jugador 4 |
| 43:07 | Zaccanasta Commissario · tribute_sent a jugador 5 |
| 43:07 | Zaccanasta Commissario · tribute_sent a jugador 6 |
| 43:07 | Zaccanasta Commissario · tribute_sent a jugador 7 |
| 43:07 | Zaccanasta Commissario · tribute_sent a jugador 8 |
| 43:10 | [BadStart] The Shadow · tribute_sent a jugador 1 |
| 43:10 | [BadStart] The Shadow · tribute_sent a jugador 2 |
| 43:10 | [BadStart] The Shadow · tribute_sent a jugador 3 |
| 43:10 | [BadStart] The Shadow · tribute_sent a jugador 4 |
| 43:10 | [BadStart] The Shadow · tribute_sent a jugador 6 |
| 43:10 | [BadStart] The Shadow · tribute_sent a jugador 7 |
| 43:10 | [BadStart] The Shadow · tribute_sent a jugador 8 |
| 43:20 | Wolf Knight · first_building Stable |
| 43:38 | KLIKELIN · first_building Archery Range |
| 45:11 | KLIKELIN · first_market_sell 500 wood |
| 45:55 | ITA | Monesi28 · tribute_sent a jugador 1 |
| 45:55 | ITA | Monesi28 · tribute_sent a jugador 2 |
| 45:55 | ITA | Monesi28 · tribute_sent a jugador 3 |
| 45:55 | ITA | Monesi28 · tribute_sent a jugador 4 |
| 45:55 | ITA | Monesi28 · tribute_sent a jugador 5 |
| 45:55 | ITA | Monesi28 · tribute_sent a jugador 6 |
| 45:55 | ITA | Monesi28 · tribute_sent a jugador 7 |
| 46:27 | Zaccanasta Commissario · first_building Barracks |
| 49:06 | ITA | Monesi28 · wall_segment Stone Wall x7 |
| 50:36 | Pipistola · resign |
[ ANÁLISIS IA · 1 CRÉDITO ]
¿Qué pasó realmente en esta partida?
Wolo.gg analiza cada decisión: build order, eco, micro, errores típicos por bracket. Análisis personalizado por WhatsApp o Discord en 30 segundos.
Guía civ
Britanos
Perfil
Wolf Knight